 Dungeon Crawl Stone Soup version 0.30-a0-297-g0ec75d9ef4 (webtiles) character file.

Game seed: 13880743401462033206

112 lonewolfV2 the Chopper (level 4, -4/41 HPs)
             Began as a Hill Orc Cinder Acolyte on Oct 19, 2022.
             Was an Initiate of Beogh.
             Slain by a gnoll
             ... wielding a +0 halberd
              (10 damage)
             ... on level 2 of the Dungeon.
             The game lasted 00:08:13 (2185 turns).

lonewolfV2 the Chopper (Hill Orc Cinder Acolyte)    Turns: 2185, Time: 00:08:13

Health: -4/41      AC:  2    Str: 16    XL:     4   Next: 95%
Magic:  0/6        EV: 11    Int: 16    God:    Beogh [......]
Gold:   137        SH:  0    Dex:  6    Spells: 4/6 levels left

rFire   . . .      SeeInvis .    a - -1 hand axe (flame)
rCold   . . .      Faith    .    (no shield)
rNeg    . . .      Spirit   .    b - +0 robe
rPois   .          Reflect  .    (no helmet)
rElec   .          Harm     .    (no cloak)
rCorr   .          Rampage  .    (no gloves)
Will    .....                    (no boots)
Stlth   +.........               f - amulet of the acrobat
HPRegen 0.26/turn                (no ring)
MPRegen 0.10/turn                (no ring)

@: mighty, fire susceptible
A: no striking features
a: Renounce Religion


You were on level 2 of the Dungeon.
You worshipped Beogh.
Beogh was noncommittal.
You visited 1 branch of the dungeon, and saw 4 of its levels.

You collected 137 gold pieces.

Inventory:

Hand Weapons
 a - a -1 hand axe of flaming (weapon)
Armour
 b - a +0 robe (worn)
Jewellery
 f - an amulet of the acrobat (around neck)
Scrolls
 e - 3 scrolls of teleportation
 h - 3 scrolls of identify {unknown}
 i - a scroll of amnesia {unknown}
Potions
 d - a potion of degeneration {unknown}
 g - a potion of curing


   Skills:
 + Level 4.4 Fighting
 + Level 4.9 Axes
 + Level 1.2 Dodging
 * Level 1.7 Spellcasting
 + Level 3.7 Fire Magic


You had 4 spell levels left.
You knew the following spells:

 Your Spells              Type           Power      Damage    Failure   Level
a - Scorch                Fire           26%        2d6       7%          2

Your spell library contained the following spells:

 Spells                   Type           Power      Damage    Failure   Level
 Magic Dart               Conj           4%         1d3       22%         1
 Searing Ray              Conj           2%         2d4       32%         2
 Fulminant Prism          Conj/Hex       0%         3d6       91%         4
 Freezing Cloud           Conj/Ice/Air   0%         6-21      99%         5
 Simulacrum               Ice/Necr       0%         N/A       100%        6
 Polar Vortex             Ice            0%         N/A       100%        9


Dungeon Overview and Level Annotations

Branches:
Dungeon (4/15)
 Temple: D:4-7

Altars:
Fedhas
Hepliaklqana
Okawaru
Xom

Shops:
D:1 ?==[:   D:2 :!*


Message History

You hit the worm. You burn the worm.
The worm is almost dead.
You hit the worm. You burn the worm.
You kill the worm!
Beogh accepts your kill.
You see here a worm corpse.
You see here a worm corpse.
There is an escape hatch in the ceiling here.
You see here 8 stones. 4 gnolls come into view.
The gnoll shouts! x3
There are monsters nearby!
There are monsters nearby!
Casting: Scorch (safe; 7% risk of failure)
Confirm with . or Enter, or press ? or * to list all spells.
Flames lash the gnoll.
The gnoll is moderately wounded.
The gnoll's fire resistance burns away.
The gnoll hits you with a +0 flail!
Casting: Scorch (safe; 7% risk of failure)
Confirm with . or Enter, or press ? or * to list all spells.
Flames lash the gnoll but do no damage.
The gnoll hits you with a +0 flail!
Casting: Scorch (safe; 7% risk of failure)
Confirm with . or Enter, or press ? or * to list all spells.
Flames lash the gnoll.
The gnoll is moderately wounded.
The gnoll's fire resistance burns away.
The gnoll hits you from afar with a +0 halberd!
* * * LOW HITPOINT WARNING * * *
The gnoll closely misses you.
The gnoll is no longer more vulnerable to fire.
Okay, then.
It was a potion of curing.
You feel better.
The gnoll is no longer more vulnerable to fire.
You feel better.
The gnoll hits you from afar with a +0 halberd!
* * * LOW HITPOINT WARNING * * *
It was a potion of might.
You feel very mighty all of a sudden.
The gnoll hits you from afar with a +0 halberd!
You die...

#.##.####.# #.........#
.# #.##......# .#
#.#######.# .# ######
#.# #.# g# #..... #.#
#.# g# #.#### #.# #.#
.# #.#
#.#######.######g# #.#
#.....[......@.gg# #.#
#########.#############
#.# #.........∩...###†#
#.##.#...#........#
#.##.#.....##.#####
#.##.#...####.#
#(##....## #.#
#.####### #.#
#.###########<#


You could see 3 gnolls.

Vanquished Creatures
  4 gnolls (D:3)
  2 adders
  A worm (D:2)
  3 dart slugs (D:1)
  4 orcs (D:3)
  4 bats
  4 endoplasms
  A giant cockroach (D:1)
  3 goblins (D:1)
  2 hobgoblins
  5 jackals
  A quokka (D:1)
  3 ball pythons
  A frilled lizard (D:2)
  3 kobolds
  3 rats
44 creatures vanquished.

Vanquished Creatures (others)
  An orc (D:3)
1 creature vanquished.

Grand Total: 45 creatures vanquished

Notes
Turn   | Place    | Note
-------+----------+-------------------------------------------
     0 | D:1      | lonewolfV2 the Hill Orc Cinder Acolyte began the quest for
                  | the Orb.
     0 | D:1      | Reached XP level 1. HP: 19/19 MP: 2/2
   148 | D:1      | Reached XP level 2. HP: 20/26 MP: 3/3
   232 | D:1      | Learned a level 2 spell: Scorch
   247 | D:1      | Found Baasa's Jewellery Shoppe.
   301 | D:1      | Found Yskiweef's Jewellery Boutique.
   350 | D:1      | Reached XP level 3. HP: 19/33 MP: 2/4
   446 | D:1      | Found Wizoer's Book Boutique.
   631 | D:1      | Found Xuekhol's Magic Scroll Shoppe.
   757 | D:1      | Found Quxed's Armour Boutique.
  1051 | D:2      | Found Kuitaoh's Distillery.
  1106 | D:2      | You fall into a shaft and drop 2 floors!
  1310 | D:3      | Reached XP level 4. HP: 41/41 MP: 0/5
  1329 | D:3      | Reached skill level 1 in Dodging
  1481 | D:3      | Fell from the grace of Ignis
  1481 | D:3      | Became a worshipper of Beogh the Brigand
  1547 | D:3      | Found an iron altar of Okawaru.
  1677 | D:3      | Found a blossoming altar of Fedhas.
  1840 | D:3      | Found a shimmering altar of Xom.
  1841 | D:3      | Found a hazy altar of Hepliaklqana.
  1842 | D:3      | Noticed a spectral ugly thing
  1878 | D:2      | Found Hode's Book Shoppe.
  2084 | D:2      | Found Baux Bue's General Store.
  2180 | D:2      | HP: 2/41 [gnoll/+0 halberd (15)]
  2185 | D:2      | Slain by a gnoll

Illustrated notes

Levels and vault maps discovered:
D:1:      lightli_arrival_lavapool, layout_rooms, serial_shops,
          nicolae_shop_waterfront, nicolae_diamond_shop, nicolae_shop_trees,
          nicolae_shop_behind_doors, nicolae_shop_crystal
D:2:      layout_loops_ring, serial_shops, nicolae_square_shop, shop,
          nicolae_shop_waterfront, nicolae_shop_hallway_stairs,
          nicolae_shop_behind_doors
D:3:      layout_loops_ring, regret_index_temple_of_mockery,
          mainiacjoe_overflow_large_starburst, kennysheep_generic_room_16
D:4:      layout_loops_ring, zin_scriptorium

Skill      XL: |  1  2  3  4 |
---------------+-------------+-----
Fighting       | 4 |  4.4
Dodging        | 1 |  1.2
Axes           | |  4.9
Spellcasting   | |  1.7
Fire Magic     | |  3.7

Action                   |  1- 3 |  4- 6 || total
-------------------------+-------+-------++-------
Melee: Hand axe          |    96 |    60 ||   156
       Punch             |     3 |       ||     3
 Cast: Scorch            |     6 |     5 ||    11
Invok: Fiery Armour      |       |     1 ||     1
       Convert to Beogh  |       |     1 ||     1
  Use: Scroll            |     1 |       ||     1
       Potion            |       |     3 ||     3
Armor: Robe              |    19 |     5 ||    24
Dodge: Dodged            |    78 |    31 ||   109

Table legend: (Time is in decaauts)
 A = Elapsed time spent in this place.
 B = Non-inter-level travel time spent in this place.
 C = Inter-level travel time spent in this place.
 D = Time resting spent in this place.
 E = Time spent auto-exploring this place.
 F = Levels seen in this place.
 G = Mean time per level.
                   A        B        C        D        E       F      G
               +--------+--------+--------+--------+--------+-----+--------+
         Total |   2195 |   2163 |     32 |    218 |   1437 |   4 |  548.8 |
       Dungeon |   2195 |   2163 |     32 |    218 |   1437 |   4 |  548.8 |
               +--------+--------+--------+--------+--------+-----+--------+

Top non-repeatable levels by time:
     D:1: 826 daAuts
     D:3: 707 daAuts
     D:2: 616 daAuts
     D:4: 44 daAuts
